 Seeded DCSS version 0.27-a0-1200-g94dc6ad4cf (webtiles) character file.

Game seed: 1482225061180600175 (custom seed)

4 flotson the Covert (level 1, -2/23 HPs)
             Began as a Gnoll Delver on May 31, 2021.
             Slain by a river rat (5 damage)
             ... in a sewer.
             The game lasted 00:01:23 (396 turns).

flotson the Covert (Gnoll Delver)                    Turns: 396, Time: 00:01:23

Health: -2/23      AC:  6    Str: 11    XL:     1   Next: 70%
Magic:  1/1        EV:  9    Int:  9    God:
Gold:   7          SH:  0    Dex: 13    Spells: 0/0 levels left

rFire    . . .     SeeInvis .   a - +0 spear
rCold    . . .     Faith    .   (no shield)
rNeg     . . .     Spirit   .   i - +0 scale mail
rPois    .         Reflect  .   (no helmet)
rElec    .         Harm     .   (no cloak)
rCorr    .         Rampage  .   (no gloves)
Will     .....                  (no boots)
Stlth    +++.......             (no amulet)
HPRegen  0.07/turn              (no ring)
MPRegen  0.07/turn              (no ring)

@: hasted, very quick
A: fangs 1, strong nose, distributed training
a: no special abilities


You were in a sewer.
You visited 1 branch of the dungeon, and saw 2 of its levels.
You also visited: Sewer.

You collected 7 gold pieces.

Inventory:

Hand Weapons
 a - a +0 spear (weapon)
Missiles
 b - 11 stones (quivered)
Armour
 i - a +0 scale mail (worn)
Wands
 g - a wand of digging (2)
Scrolls
 c - a scroll of fog
 e - a scroll of fear
Potions
 h - a potion of berserk rage {unknown}
 j - 2 potions of brilliance {unknown}


   Skills:
 + Level 6.4 Fighting
 + Level 0.1 Short Blades
 + Level 0.1 Long Blades
 + Level 0.1 Axes
 + Level 0.1 Maces & Flails
 + Level 4.4 Polearms
 + Level 0.1 Staves
 + Level 0.1 Slings
 + Level 0.1 Bows
 + Level 0.1 Crossbows
 + Level 0.1 Throwing
 + Level 0.1 Armour
 + Level 4.4 Dodging
 + Level 9.5 Stealth
 + Level 0.1 Shields
 + Level 0.1 Unarmed Combat
 + Level 0.1 Spellcasting
 + Level 0.1 Conjurations
 + Level 0.1 Hexes
 + Level 0.1 Summonings
 + Level 0.1 Necromancy
 + Level 0.1 Translocations
 + Level 0.1 Transmutations
 + Level 0.1 Fire Magic
 + Level 0.1 Ice Magic
 + Level 0.1 Air Magic
 + Level 0.1 Earth Magic
 + Level 0.1 Poison Magic
 + Level 0.2 Invocations
 + Level 0.1 Evocations


You couldn't memorise any spells.
You didn't know any spells.
Your spell library was empty.

Dungeon Overview and Level Annotations

Branches:
Dungeon (5/15)              Sewer (1/1)
 Temple: D:4-7

Altars:


Innate Abilities, Weirdness & Mutations

You have very sharp teeth.
Your uncanny sense of smell can sniff out nearby items.
Your experience applies equally to all skills.


Message History

Moving in this stuff is going to be slow.
There is a glowing drain here.
The river rat bites you but does no damage.
The world spins around you as you enter the gateway.
You enter a sewer! 2 rats and 3 river rats come into view.
Found a gate leading back out of this place.
There is an empty arch of ancient stone here.
There is a gate leading back out of this place here.
You feel yourself speed up.
You hit the river rat.
The river rat is heavily wounded.
Your scale mail prevents you from hitting the river rat.
The river rat is heavily wounded.
The river rat bites you but does no damage.
You closely miss the river rat. Your bite misses the river rat.
The river rat is heavily wounded.
You hit the river rat but do no damage. You bite the river rat.
The river rat is severely wounded.
The river rat bites you.
You hit the river rat but do no damage.
The river rat is severely wounded.
The river rat bites you.
You hit the river rat but do no damage.
The river rat is severely wounded.
The river rat bites you.
* * * LOW HITPOINT WARNING * * *
You hit the river rat but do no damage.
You bite the river rat, but do no damage.
The river rat is severely wounded.
The river rat barely misses you. x2
You closely miss the river rat.
You bite the river rat, but do no damage.
The river rat is severely wounded.
You hit the river rat but do no damage. Your bite misses the river rat.
The river rat is severely wounded.
The river rat bites you.
* * * LOW HITPOINT WARNING * * *
The river rat bites you.
You die...

###
#.#
#.#
#r#
#r#
#@#
#r#
#r#
#r#
#.#
#.#
#.#
#.#
#.#


You could see 3 river rats and 2 rats.

Vanquished Creatures
  A ball python (D:4)
  2 giant cockroaches (D:4)
  A kobold (D:4)
4 creatures vanquished.

Notes
Turn   | Place    | Note
-------+----------+-------------------------------------------
     0 | D:5      | Reached skill level 9 in Stealth
     0 | D:5      | flotson the Gnoll Delver began the quest for the Orb.
     0 | D:5      | Reached XP level 1. HP: 23/23 MP: 1/1
    21 | D:5      | Noticed an ogre
   306 | D:4      | Noticed a phantom
   348 | D:4      | Found a glowing drain.
   384 | Sewer    | Entered a sewer
   396 | Sewer    | Slain by a river rat

Illustrated notes

Levels and vault maps discovered:
D:4:      layout_loops_ring, serial_shops, shop, gup_sewer_entry_bubbles,
          palyth_stone_intersect, uniq_duvessa
D:5:      layout_loops_ring, lemuel_zombie_altar_yredelemnul, uniq_sigmund
Sewer:    sewer_kobolds

Skill      XL: | |
---------------+-+-----
Stealth        | |  9.5
Fighting       | |  6.4
Short Blades   | |  0.1
Long Blades    | |  0.1
Axes           | |  0.1
Maces & Flails | |  0.1
Polearms       | |  4.4
Staves         | |  0.1
Slings         | |  0.1
Bows           | |  0.1
Crossbows      | |  0.1
Throwing       | |  0.1
Armour         | |  0.1
Dodging        | |  4.4
Shields        | |  0.1
Unarmed Combat | |  0.1
Spellcasting   | |  0.1
Conjurations   | |  0.1
Hexes          | |  0.1
Summonings     | |  0.1
Necromancy     | |  0.1
Translocations | |  0.1
Transmutations | |  0.1
Fire Magic     | |  0.1
Ice Magic      | |  0.1
Air Magic      | |  0.1
Earth Magic    | |  0.1
Poison Magic   | |  0.1
Invocations    | |  0.2
Evocations     | |  0.1

Action                   || total
-------------------------++-------
Melee: Spear             ||    31
       Bite              ||     5
Evoke: Wand              ||     1
  Use: Scroll            ||     1
       Potion            ||     1
Armor: Scale mail        ||    13
Dodge: Dodged            ||    12

Table legend: (Time is in decaauts)
 A = Elapsed time spent in this place.
 B = Non-inter-level travel time spent in this place.
 C = Inter-level travel time spent in this place.
 D = Time resting spent in this place.
 E = Time spent auto-exploring this place.
 F = Levels seen in this place.
 G = Mean time per level.
                   A        B        C        D        E       F      G
               +--------+--------+--------+--------+--------+-----+--------+
         Total |    391 |    375 |     16 |      0 |    204 |   3 |  130.3 |
       Dungeon |    382 |    366 |     16 |      0 |    204 |   2 |  191.0 |
         Sewer |      8 |      8 |      0 |      0 |      0 |   1 |    8.0 |
               +--------+--------+--------+--------+--------+-----+--------+

Top non-repeatable levels by time:
     D:4: 314 daAuts
     D:5: 68 daAuts
   Sewer: 8 daAuts
